 Dungeon Crawl Stone Soup version 0.26-a0-1139-g7d2dc893a1 (webtiles) character file.

Game seed: 1746370485835506963

186 night the Skirmisher (level 5, -9/39 (41) HPs)
             Began as a Demonspawn Artificer on Dec 21, 2020.
             Mangled by Crazy Yiuf
             ... wielding a +2 quarterstaff of chaos
              (11 damage)
             ... on level 3 of the Dungeon.
             The game lasted 00:07:54 (2903 turns).

night the Skirmisher (Demonspawn Artificer)         Turns: 2903, Time: 00:07:55

HP:   -9/39 (41)    AC:  8    Str: 10 (13) XL:     5   Next: 38%
MP:   5/5           EV:  9    Int: 10 (13) God:
Gold: 232           SH:  6    Dex: 12 (13) Spells: 4/4 levels left

rFire    + . .     SeeInvis .     - Unarmed
rCold    . . .     Faith    +   y - +2 buckler
rNeg     + . .     Spirit   .   C - +0 ring mail (curse)
rPois    .         Reflect  .   r - +0 helmet
rElec    .         Harm     .   (no cloak)
rCorr    .         Rampage  .   (no gloves)
Will     .....                  (no boots)
Stlth    +.........             l - amulet of faith
HPRegen  0.13/turn              m - ring of positive energy
MPRegen  0.09/turn              (no ring)

@: brilliant, lightly drained
A: hooves 1, thin metallic scales 1, fire resistance 1, spiny 1
a: no special abilities


You were on level 3 of the Dungeon.
You visited 1 branch of the dungeon, and saw 3 of its levels.

You collected 232 gold pieces.

Inventory:

Missiles
 a - 28 stones
 g - 32 arrows
 k - 12 poisoned darts
 x - 23 bolts
Armour
 b - a +0 leather armour
 p - a +0 ring mail
 r - a +0 helmet (worn)
 y - a +2 buckler (worn)
 C - a cursed +0 ring mail (worn)
Jewellery
 l - an amulet of faith (around neck)
 m - a ring of positive energy (left hand)
Wands
 c - a wand of flame (10) (quivered)
 d - a wand of enslavement (12)
 e - a wand of random effects (30)
Scrolls
 j - a scroll of enchant weapon {unknown}
 o - a scroll of identify
 s - 2 scrolls of remove curse
 t - a scroll of fog {unknown}
 v - a scroll of immolation {unknown}
 B - a scroll of blinking {unknown}
Potions
 f - a potion of flight {unknown}
 i - 2 potions of haste
 n - 2 potions of curing
 u - a potion of magic
 z - a potion of lignification {unknown}
 A - a potion of attraction {unknown}


   Skills:
 + Level 3.5 Fighting
 - Level 1.7 Armour
 - Level 0.8 Dodging
 - Level 0.8 Stealth
 + Level 1.3 Shields
 + Level 3.0 Unarmed Combat
 - Level 3.0 Evocations


You had 4 spell levels left.
You didn't know any spells.
Your spell library was empty.

Dungeon Overview and Level Annotations

Branches:
Dungeon (3/15)

Altars:
Yredelemnul

Annotations:
D:3 Crazy Yiuf


Innate Abilities, Weirdness & Mutations

You have large cloven feet.
You are partially covered in thin metallic scales. (AC +2)
Your flesh is heat resistant. (rF+)
You are partially covered in sharp spines.


Message History

Press: ? - help, Shift-Dir - straight line Something hits you.
* * * LOW HITPOINT WARNING * * *
You partially resist.
You feel drained. Something hits you.
* * * LOW HITPOINT WARNING * * *
Found a scroll labelled PAVVYV UMEW.
Something hits you.
* * * LOW HITPOINT WARNING * * *
Crazy Yiuf appears from thin air!
Reactivating autopickup.
Evoke which item? (* to show all) (? for menu, Esc to quit)
Aiming: Random Effects
Press: ? - help, Shift-Dir - straight line, f - Crazy Yiuf
Aim: Crazy Yiuf, wielding a +2 quarterstaff of chaos and wearing a +0 cloak (severely wounded) Crazy Yiuf seems to slow down.
Crazy Yiuf is struck by your spines.
Crazy Yiuf hits you with a +2 quarterstaff of chaos.
* * * LOW HITPOINT WARNING * * *
You are electrocuted!
You die...

# #.#.# # #? ....# # #.
#.#.# # #. #.#.#
#...#......#
#.####.#.#####...#......#
#................#......#
#...............#......#
#.....g@................
#..##.###.###...#......#
#...............####....
#...............).......
#.P.P.###......#####.###
#.._..###.###..# #.#
#.P.P..##.# #..# #.#
#.........###..# #.#
##.####........#####.###


You could see Crazy Yiuf (slow).

Vanquished Creatures
  A scorpion (D:3)
  An orc priest (D:3)
  3 adders
  2 oozes
  3 worms
  3 dart slugs
  A leopard gecko (D:1)
  7 orcs
  3 giant cockroaches
  7 hobgoblins
  3 jackals
  2 ball pythons
  4 bats (D:1)
  3 frilled lizards
  A goblin (D:3)
  5 kobolds
  7 rats
56 creatures vanquished.

Vanquished Creatures (collateral kills)
  A jackal (D:3)
  A frilled lizard (D:3)
2 creatures vanquished.

Vanquished Creatures (others)
  An adder (D:3)
  An orc (D:2)
2 creatures vanquished.

Grand Total: 60 creatures vanquished

Notes
Turn   | Place    | Note
-------+----------+-------------------------------------------
     0 | D:1      | night the Demonspawn Artificer began the quest for the Orb.
     0 | D:1      | Reached XP level 1. HP: 15/15 MP: 1/1
   587 | D:1      | Reached skill level 1 in Unarmed Combat
   587 | D:1      | Gained mutation: You are partially covered in sharp spines.
                  | [demonic ancestry]
   587 | D:1      | Reached XP level 2. HP: 20/21 MP: 2/2
   835 | D:1      | Reached skill level 2 in Fighting
  1275 | D:2      | Gained mutation: Your flesh is heat resistant. (rF+)
                  | [demonic ancestry]
  1275 | D:2      | Reached XP level 3. HP: 27/27 MP: 3/3
  1632 | D:2      | Reached skill level 2 in Unarmed Combat
  1894 | D:2      | Gained mutation: You are partially covered in thin metallic
                  | scales. (AC +2) [demonic ancestry]
  1894 | D:2      | Reached XP level 4. HP: 27/34 MP: 4/4
  2556 | D:3      | Gained mutation: You have large cloven feet. [demonic
                  | ancestry]
  2556 | D:3      | Reached XP level 5. HP: 41/41 MP: 5/5
  2564 | D:3      | Reached skill level 1 in Shields
  2796 | D:3      | Found a basalt altar of Yredelemnul.
  2852 | D:3      | Found a runed translucent door.
  2853 | D:3      | Noticed Crazy Yiuf
  2903 | D:3      | HP: 2/39 [Crazy Yiuf/+2 quarterstaff of chaos (5)]
  2903 | D:3      | Mangled by Crazy Yiuf

Illustrated notes

Levels and vault maps discovered:
D:1:      scummos_arrival_simple_crosswalls, layout_rooms, moated_statue
D:2:      layout_rooms, wad_orctagon
D:3:      layout_basic, yredelemnul_altar_generic, uniq_crazy_yiuf_cottage

Skill      XL: |  1  2  3  4  5 |
---------------+----------------+-----
Unarmed Combat | 1 2 3 |  3.0
Fighting       | 2 3 |  3.5
Shields        | 1 |  1.3
Armour         | |  1.7
Dodging        | |  0.8
Stealth        | |  0.8
Evocations     | |  3.0

Action                   |  1- 3 |  4- 6 || total
-------------------------+-------+-------++-------
Melee: Unarmed           |   123 |    69 ||   192
       Club              |     9 |       ||     9
       Kick              |       |    14 ||    14
Evoke: Wand              |     3 |    10 ||    13
  Use: Scroll            |     6 |       ||     6
       Potion            |       |     5 ||     5
 Stab: Sleeping          |     1 |       ||     1
       Paralysed         |       |     3 ||     3
Armor: Leather armour    |    24 |       ||    24
       Ring mail         |    13 |    17 ||    30
Dodge: Dodged            |    80 |    17 ||    97
Block: Buckler           |       |    12 ||    12

Table legend: (Time is in decaauts)
 A = Elapsed time spent in this place.
 B = Non-inter-level travel time spent in this place.
 C = Inter-level travel time spent in this place.
 D = Time resting spent in this place.
 E = Time spent auto-exploring this place.
 F = Levels seen in this place.
 G = Mean time per level.
                   A        B        C        D        E       F      G
               +--------+--------+--------+--------+--------+-----+--------+
         Total |   2899 |   2836 |     63 |    895 |   1343 |   3 |  966.3 |
       Dungeon |   2899 |   2836 |     63 |    895 |   1343 |   3 |  966.3 |
               +--------+--------+--------+--------+--------+-----+--------+

Top non-repeatable levels by time:
     D:1: 1221 daAuts
     D:2: 1011 daAuts
     D:3: 666 daAuts
